 Dungeon Crawl Stone Soup version 0.17-a0-1951-g62301d3 (webtiles) character file.

178 2tousent the Insei (level 5, -6/46 HPs)
             Began as a Draconian Monk on Oct 2, 2015.
             Mangled by an ogre
             ... wielding a +0 giant club
              (16 damage)
             ... on level 4 of the Dungeon.
             The game lasted 00:10:08 (2677 turns).

2tousent the Insei (Draconian Monk)                 Turns: 2677, Time: 00:10:08

Health: -6/46      AC:  5    Str: 13    XL:     5   Next: 32%
Magic:  14/14      EV: 13    Int: 11    God:
Gold:   130        SH:  0    Dex: 14    Spells: 0 memorised, 4 levels left

rFire  . . .     SeeInvis .       - Unarmed
rCold  . . .     Clarity  .     (armour unavailable)
rNeg   . . .     SustAt   +     (no shield)
rPois  .         Gourm    .     (helmet restricted)
rElec  .         Spirit   .     (no cloak)
rCorr  .         Warding  .     (no gloves)
rMut   .         Stasis   .     (no boots)
MR     .....                    (no amulet)
Stlth  ++........               f - ring of sustain attributes
                                c - ring of magical power (curse)

@: not resistant to hostile enchantments, unstealthy
A: unfitting armour, cold-blooded, AC +5
a: no special abilities


You were on level 4 of the Dungeon.
You were not hungry.

You visited 1 branch of the dungeon, and saw 4 of its levels.

You collected 130 gold pieces.

Inventory:

Jewellery
 c - a cursed ring of magical power (left hand)
 f - a ring of sustain attributes (right hand)
Scrolls
 b - 6 scrolls of identify {unknown}
 d - 3 scrolls of recharging {unknown}
 i - a scroll of remove curse {unknown}
 j - 3 scrolls of magic mapping {unknown}
 l - a scroll of amnesia {unknown}
 m - a scroll of random uselessness {unknown}
 n - a scroll of enchant weapon {unknown}
 r - a scroll of blinking {unknown}
 t - a scroll of enchant armour {unknown}
 u - a scroll of teleportation {unknown}
Potions
 e - 2 potions of might {unknown}
 o - a potion of heal wounds {unknown}
 p - a potion of poison {unknown}
 s - a potion of flight {unknown}
 v - a potion of curing {unknown}
 w - a potion of brilliance {unknown}
Books
 k - a book of Maledictions

   Spells                             Type                      Level
   a - Corona                         Hexes                        1
   b - Ensorcelled Hibernation        Hexes/Ice                    2
   c - Confuse                        Hexes                        3
   d - Tukima's Dance                 Hexes                        3
   e - Dazzling Spray                 Conjuration/Hexes            3
Comestibles
 a - 5 bread rations
 g - a beef jerky
 h - 7 fruits


   Skills:
 + Level 4.2 Fighting
 + Level 2.6 Dodging
 - Level 1.7 Stealth
 * Level 6.1 Unarmed Combat


You had 4 spell levels left.
You didn't know any spells.

Dungeon Overview and Level Annotations

Branches:
Dungeon (4/15)
 Temple: D:4-7

Altars:
Nemelex Xobeh
Okawaru
Qazlal
Vehumet

Annotations:
D:4 exclusion: statue


Innate Abilities, Weirdness & Mutations

Your plain brown scales are hard (AC +5).
Your body does not fit into most forms of armour.
You are cold-blooded and may be slowed by cold attacks.


Message History

You hit the ogre.
You tail-slap the ogre, but do no damage.
The ogre is moderately wounded.
You hit the ogre.
Your tail-slap misses the ogre.
The ogre is heavily wounded.
The ogre closely misses you.
You hit the ogre.
You tail-slap the ogre, but do no damage.
The ogre is heavily wounded.
The ogre hits you with a giant club!!
* * * LOW HITPOINT WARNING * * *
You are too injured to fight recklessly!
You are too injured to fight recklessly!
You are too injured to fight recklessly!
You hit the ogre. You tail-slap the ogre.
The ogre is severely wounded.
You hit the ogre.
Your tail-slap misses the ogre.
The ogre is almost dead.
The ogre hits you with a giant club!
You die...

###.## #.# .....
#.# #.#.##.# ###
#.....###.##
#......)...######
#...####........#
####.# #...####.#
#.######## #.#
#.#.@O..# #.#
#.##.....# #.#
#.# #.....#
###.###### #.
#....)#
#........# #.#
#...?.#
#..##.#..# #.#
###.###
#..#..#..# ####.#
.######..#.##..#
##....#
.........#.##..#
......######
##........#


You could see an ogre.

Vanquished Creatures
  An ogre (D:4)
  3 adders
  An adder skeleton (D:4)
  3 worms
  A giant gecko (D:1)
  4 orcs
  5 ball pythons
  4 bats
  7 hobgoblins
  2 jackals (D:3)
  7 kobolds
  A quokka (D:3)
  4 giant cockroaches
  5 giant newts
  8 goblins
  4 rats
60 creatures vanquished.

Notes
Turn   | Place    | Note
--------------------------------------------------------------
     0 | D:1      | 2tousent the Draconian Monk began the quest for the Orb.
     0 | D:1      | Reached XP level 1. HP: 19/19 MP: 1/1
   106 | D:1      | Reached XP level 2. HP: 23/26 MP: 2/2
   905 | D:2      | Reached XP level 3. HP: 31/31 MP: 3/3
   910 | D:2      | Found a sparkling altar of Nemelex Xobeh.
  1195 | D:2      | Reached skill level 5 in Unarmed Combat
  1424 | D:3      | Found an iron altar of Okawaru.
  1424 | D:3      | Found a stormy altar of Qazlal.
  1471 | D:3      | Reached XP level 4. HP: 23/40 MP: 4/4
  2139 | D:4      | Noticed an ogre
  2147 | D:4      | Killed an ogre
  2147 | D:4      | Reached skill level 6 in Unarmed Combat
  2147 | D:4      | Reached XP level 5. HP: 27/46 MP: 5/5
  2185 | D:4      | Found a radiant altar of Vehumet.
  2199 | D:4      | Noticed a frost-covered statue
  2668 | D:4      | Noticed an ogre
  2677 | D:4      | Mangled by an ogre

Vault maps used:
D:1:      saegor_arrival_miasma
D:2:      nemelex_xobeh_ov_fountains_minmay
D:3:      grunt_qazlal_clouds, lemuel_crystal_altar, first_bread,
          hangedman_decor_points
D:4:      vehumet_statue, bh_walls_and_bars

Action                   |  1- 3 |  4- 6 || total
-------------------------+-------+-------++-------
Melee: Unarmed           |   136 |    63 ||   199
 Stab: Sleeping          |     4 |     2 ||     6
  Eat: Chunk             |     1 |     2 ||     3
       Meat ration       |       |     1 ||     1
